 Dungeon Crawl Stone Soup version 0.27-b1-23-g44b8eac545 (webtiles) character file.

Game seed: 13711398355196759639

171 oldmanjim the Grasshopper (level 5, -3/43 HPs)
             Began as a Gnoll Warper on July 27, 2021.
             Slain by an orc warrior (13 damage)
             ... on level 3 of the Dungeon.
             The game lasted 00:22:17 (4225 turns).

oldmanjim the Grasshopper (Gnoll Warper)            Turns: 4225, Time: 00:22:18

Health: -3/43      AC:  6    Str: 12    XL:     5   Next: 51%
Magic:  9/12       EV: 13    Int: 12    God:
Gold:   110        SH:  0    Dex: 11    Spells: 12/14 levels left

rFire    . . .     SeeInvis .   b - +6 dagger
rCold    . . .     Faith    .   (no shield)
rNeg     + . .     Spirit   .   o - +0 leather armour
rPois    .         Reflect  .   k - +2 helmet
rElec    .         Harm     .   (no cloak)
rCorr    .         Rampage  .   (no gloves)
Will     .....                  (no boots)
Stlth    +.........             (no amulet)
HPRegen  0.14/turn              s - ring of positive energy
MPRegen  0.13/turn              (no ring)

@: no status effects
A: fangs 1, strong nose, distributed training
a: no special abilities


You were on level 3 of the Dungeon.
You visited 1 branch of the dungeon, and saw 4 of its levels.

You collected 130 gold pieces.
You spent 20 gold pieces at shops.

Inventory:

Hand Weapons
 a - a +0 hunting sling
 b - a +6 dagger (weapon)
 m - a +1 dagger of venom
 r - a +0 hand axe
Missiles
 d - 3 boomerangs of dispersal (quivered)
 f - 61 stones
 q - 8 javelins
 v - 22 bolts
 y - 26 arrows
Armour
 k - a +2 helmet (worn)
 o - a +0 leather armour (worn)
Magical Staves
 n - a staff of cold
Jewellery
 s - a ring of positive energy (left hand)
Scrolls
 c - a scroll of blinking
 e - a scroll of identify
 g - a scroll of fog {unknown}
 i - a scroll of torment {unknown}
 j - 2 scrolls of teleportation {unknown}
 p - a scroll of brand weapon {unknown}
 w - a scroll of noise {unknown}
Potions
 h - a potion of invisibility
 l - a potion of mutation
 t - a potion of berserk rage
 u - a potion of curing
 x - a potion of lignification


   Skills:
 + Level 4.8 Fighting
 + Level 1.5 Short Blades
 + Level 1.5 Long Blades
 + Level 4.8 Axes
 + Level 1.5 Maces & Flails
 + Level 1.5 Polearms
 + Level 1.5 Staves
 + Level 1.5 Slings
 + Level 1.5 Bows
 + Level 1.5 Crossbows
 + Level 3.0 Throwing
 + Level 3.0 Armour
 + Level 4.8 Dodging
 + Level 1.5 Stealth
 + Level 1.5 Shields
 + Level 1.5 Unarmed Combat
 + Level 5.2 Spellcasting
 + Level 1.2 Conjurations
 + Level 1.2 Hexes
 + Level 1.2 Summonings
 + Level 1.2 Necromancy
 + Level 5.5 Translocations
 + Level 1.2 Transmutations
 + Level 1.2 Fire Magic
 + Level 1.2 Ice Magic
 + Level 1.2 Air Magic
 + Level 1.2 Earth Magic
 + Level 1.2 Poison Magic
 + Level 1.7 Invocations
 + Level 1.5 Evocations


You had 12 spell levels left.
You knew the following spells:

 Your Spells              Type           Power      Damage    Failure   Level
a - Blink                 Tloc           N/A        N/A       3%          2

Your spell library contained the following spells:

 Spells                   Type           Power      Damage    Failure   Level
 Gell's Gravitas          Tloc           8%         N/A       8%          3
 Lesser Beckoning         Tloc           8%         N/A       8%          3
 Teleport Other           Tloc           16%        N/A       8%          3
 Corona                   Hex            6%         N/A       16%         1
 Ensorcelled Hibernation  Hex/Ice        12%        N/A       22%         2
 Tukima's Dance           Hex            6%         N/A       41%         3
 Manifold Assault         Tloc           16%        N/A       56%         5


Dungeon Overview and Level Annotations

Branches:
Dungeon (4/15)
 Temple: D:4-7

Altars:
Cheibriados
Qazlal
Wu Jian

Shops:
D:1 *

Annotations:
D:2 Sigmund
D:3 1 runed translucent door, exclusion: door, Crazy Yiuf


Innate Abilities, Weirdness & Mutations

You have very sharp teeth.
Your uncanny sense of smell can sniff out nearby items.
Your experience applies equally to all skills.


Message History

You hit the orc warrior but do no damage.
The orc warrior is moderately wounded.
The orc warrior hits you with a +0 hand axe.
You closely miss the orc warrior.
The orc warrior is moderately wounded.
The orc warrior hits you with a +0 hand axe.
You hit the orc warrior but do no damage.
The orc warrior is moderately wounded.
The orc warrior hits you with a +0 hand axe.
You hit the orc warrior.
The orc warrior is moderately wounded.
The orc warrior closely misses you.
You hit the orc warrior but do no damage.
You bite the orc warrior, but do no damage.
The orc warrior is moderately wounded.
The orc warrior hits you with a +0 hand axe!
* * * LOW HITPOINT WARNING * * *
Casting: Blink (safe; 3% risk of failure)
Confirm with . or Enter, or press ? or * to list all spells.
You blink.
Casting: Blink (safe; 3% risk of failure)
Confirm with . or Enter, or press ? or * to list all spells.
You blink.
The orc warrior closely misses you.
Casting: Blink (safe; 3% risk of failure)
Confirm with . or Enter, or press ? or * to list all spells.
You blink.
Throw: 5 boomerangs (disperse)
Press: ? - help, Q - select action, (/) - cycle Shift-Dir - straight line, f - orc warrior
Aim: an orc warrior, wielding a +0 hand axe and wearing a +0 plate armour (moderately wounded, 59% to hit)
You throw a boomerang of dispersal.
The boomerang of dispersal closely misses the orc warrior.
Throw: 4 boomerangs (disperse)
Press: ? - help, Q - select action, (/) - cycle Shift-Dir - straight line, f/p - orc warrior
Aim: an orc warrior, wielding a +0 hand axe and wearing a +0 plate armour (moderately wounded, 59% to hit)
You throw a boomerang of dispersal.
The boomerang of dispersal hits the orc warrior but does no damage.
The orc warrior is moderately wounded.
The orc warrior hits you with a +0 hand axe!
You die...

.................################
...........................#
.................####......#
.................# #......#
.................# #......#
.................# #......#
.................# #......#
.................####......######
...............o@...'......#.....
.................####...[..#.####
.................# ###.##.#.#.##
.................# #.##.#.#...
.................# #.##.#.#.##
.................######....#'#.#
.................##............##
..................'..............
.................##............##


You could see an orc warrior.

Vanquished Creatures
  An orc priest (D:3)
  An iguana (D:4)
  4 adders (D:3)
  A worm (D:3)
  3 dart slugs
  An orc (D:3)
  4 endoplasms
  3 giant cockroaches
  6 goblins
  3 hobgoblins
  5 jackals
  3 kobolds (D:2)
  3 quokkas
  12 ball pythons
  5 bats
  9 frilled lizards
  5 rats
69 creatures vanquished.

Notes
Turn   | Place    | Note
-------+----------+-------------------------------------------
     0 | D:1      | oldmanjim the Gnoll Warper began the quest for the Orb.
     0 | D:1      | Reached XP level 1. HP: 20/20 MP: 6/6
   521 | D:1      | Reached XP level 2. HP: 22/26 MP: 7/7
   568 | D:1      | Learned a level 2 spell: Blink
   718 | D:1      | Found Ucziskera's General Store.
   724 | D:1      | Bought a scroll of identify for 20 gold pieces
  1405 | D:1      | Reached XP level 3. HP: 31/31 MP: 9/9
  1489 | D:2      | Found a faded altar of an unknown god.
  1532 | D:2      | Found a snail-covered altar of Cheibriados.
  1643 | D:2      | Reached skill level 5 in Spellcasting
  1850 | D:2      | Reached skill level 1 in Invocations
  2222 | D:2      | Noticed Sigmund
  2522 | D:3      | Reached skill level 1 in Short Blades
  2522 | D:3      | Reached skill level 1 in Long Blades
  2522 | D:3      | Reached skill level 1 in Maces & Flails
  2522 | D:3      | Reached skill level 1 in Polearms
  2522 | D:3      | Reached skill level 1 in Staves
  2522 | D:3      | Reached skill level 1 in Slings
  2522 | D:3      | Reached skill level 1 in Bows
  2522 | D:3      | Reached skill level 1 in Crossbows
  2522 | D:3      | Reached skill level 1 in Stealth
  2522 | D:3      | Reached skill level 1 in Shields
  2522 | D:3      | Reached skill level 1 in Unarmed Combat
  2522 | D:3      | Reached skill level 1 in Evocations
  2560 | D:3      | Reached XP level 4. HP: 38/38 MP: 11/11
  2913 | D:3      | Reached skill level 1 in Conjurations
  2913 | D:3      | Reached skill level 1 in Hexes
  2913 | D:3      | Reached skill level 1 in Summonings
  2913 | D:3      | Reached skill level 1 in Necromancy
  2913 | D:3      | Reached skill level 1 in Transmutations
  2913 | D:3      | Reached skill level 1 in Fire Magic
  2913 | D:3      | Reached skill level 1 in Ice Magic
  2913 | D:3      | Reached skill level 1 in Air Magic
  2913 | D:3      | Reached skill level 1 in Earth Magic
  2913 | D:3      | Reached skill level 1 in Poison Magic
  3064 | D:3      | Found a stormy altar of Qazlal.
  3064 | D:3      | Noticed an air elemental
  3096 | D:3      | Noticed an earth elemental
  3098 | D:3      | Noticed a water elemental
  3098 | D:3      | Noticed a fire elemental
  3312 | D:3      | Found a runed translucent door.
  3313 | D:3      | Noticed Crazy Yiuf
  3865 | D:4      | Reached XP level 5. HP: 43/43 MP: 12/12
  3865 | D:4      | Found an ornate altar of the Wu Jian Council.
  3872 | D:4      | Noticed an orc warrior
  4225 | D:3      | Slain by an orc warrior

Illustrated notes

Levels and vault maps discovered:
D:1:      minmay_arrival_plants_in_alcoves, layout_loops_corners, serial_shops,
          nicolae_shop_crystal, minmay_misc_feat_cross
D:2:      layout_loops_corners, basic_altar, chequers_ecumenical_altar_simple,
          uniq_sigmund
D:3:      minmay_chambers_of_threes, layout_basic,
          nicolae_qazlal_style_of_elements, uniq_crazy_yiuf_cottage
D:4:      layout_cave_pools, mainiacjoe_overflow_tiny_flanked,
          minmay_temple_entry_purple_smoke

Skill      XL: |  1  2  3  4  5 |
---------------+----------------+-----
Spellcasting   | 5 |  5.2
Invocations    | 1 |  1.7
Short Blades   | 1 |  1.5
Long Blades    | 1 |  1.5
Maces & Flails | 1 |  1.5
Polearms       | 1 |  1.5
Staves         | 1 |  1.5
Slings         | 1 |  1.5
Bows           | 1 |  1.5
Crossbows      | 1 |  1.5
Stealth        | 1 |  1.5
Shields        | 1 |  1.5
Unarmed Combat | 1 |  1.5
Evocations     | 1 |  1.5
Conjurations   | 1 |  1.2
Hexes          | 1 |  1.2
Summonings     | 1 |  1.2
Necromancy     | 1 |  1.2
Transmutations | 1 |  1.2
Fire Magic     | 1 |  1.2
Ice Magic      | 1 |  1.2
Air Magic      | 1 |  1.2
Earth Magic    | 1 |  1.2
Poison Magic   | 1 |  1.2
Throwing       | 3 |  3.0
Armour         | 3 |  3.0
Fighting       | |  4.8
Axes           | |  4.8
Dodging        | |  4.8
Translocations | |  5.5

Action                   |  1- 3 |  4- 6 || total
-------------------------+-------+-------++-------
Melee: Hand axe          |    62 |       ||    62
       Bite              |     7 |     5 ||    12
       Dagger            |    44 |    80 ||   124
 Fire: Hunting sling     |     5 |    34 ||    39
Throw: Boomerang         |       |     2 ||     2
 Cast: Blink             |       |     9 ||     9
  Use: Scroll            |     2 |     3 ||     5
 Stab: Sleeping          |       |     1 ||     1
Armor: Leather armour    |    33 |    28 ||    61
Dodge: Dodged            |    84 |    56 ||   140
